 Dungeon Sprint DCSS version 0.31-a0-152-g6aa68a64a1 (webtiles) character file.

Game seed: 13899216132350782560

2138 Conn the Arsonist (level 9, 0/69 HPs)
             Began as an Octopode Fire Elementalist on June 11, 2023.
             Was a Priest of Sif Muna.
             Killed from afar by a death drake (8 damage)
             ... with a foul vapour
             ... in the Dungeon (Sprint II: "The Violet Keep of Menkaure").
             The game lasted 00:11:17 (311 turns).

Conn the Arsonist (Octopode Fire Elementalist)       Turns: 311, Time: 00:11:18

Health: 0/69       AC: 24    Str:  8    XL:     9   Next: 30%
Magic:  17/17      EV:  2    Int: 21    God:    Sif Muna [***...]
Gold:   268        SH:  0    Dex: 10    Spells: 10/25 levels left

rFire   . . .        (no weapon)
rCold   . . .        (no shield)
rNeg    . . .        (helmet currently unavailable)
rPois   +            (no amulet)
rElec   .            (no ring)
rCorr   .            (no ring)
SInv    +            (no ring)
Will    .....        (no ring)
Stlth   +++          (no ring)
HPRegen 0.31/turn    (no ring)
MPRegen 0.15/turn    (no ring)
                     (no ring)

%: no teleportation
@: tree-form, slowed, very slow
A: stationary, stasis, torment immunity, boosted hp, almost no armour,
(amphibious), 8 rings, (camouflage 1), (gelatinous body 1), (nimble swimmer 1),
(tentacles), see invisible, clumsy 1, frail 1, low MP 2, subdued magic 1
a: Renounce Religion, Channel Magic, Forget Spell


You were in the Dungeon.
You worshipped Sif Muna.
Sif Muna was most pleased with you.
You were a tree.
You visited 1 branch You collected 739 gold pieces.
You spent 471 gold pieces at shops.

Inventory:

Scrolls
 f - 4 scrolls of blinking


   Skills:
 + Level 0.8 Fighting
 + Level 5.4 Dodging
 - Level 6.6 Stealth
 + Level 8.6 Spellcasting
 * Level 8.5 Conjurations
 + Level 1.1 Hexes
 * Level 5.0 Summonings
 + Level 12.5 Fire Magic
 * Level 5.0 Air Magic
 + Level 0.5 Poison Magic
 * Level 5.3 Invocations


You had 10 spell levels left.
You knew the following spells:

 Your Spells              Type           Power      Damage    Failure   Level
a - Foxfire               Conj/Fire      100%       2x1d9     1%          1
b - Scorch                Fire           94%        2d8       1%          2
c - Inner Flame           Hex/Fire       29%        N/A       1%          3
d - Flame Wave            Conj/Fire      41%        2d11      1%          4
e - Mephitic Cloud        Conj/Pois/Air  22%        N/A       2%          3
f - Call Imp              Summ           46%        N/A       1%          2

Your spell library contained the following spells:

 Spells                   Type           Power      Damage    Failure   Level
 Magic Dart               Conj           100%       1d8       1%          1
 Volatile Blastmotes      Fire/Tloc      54%        2d14      1%          3


Dungeon Overview and Level Annotations

Branches:
Dungeon (1/1)

Altars:
Cheibriados
Dithmenos
Elyvilon
Fedhas
Gozag
Hepliaklqana
Kikubaaqudgha
Makhleb
Nemelex Xobeh
Okawaru
Qazlal
Ru
Sif Muna
Trog
Uskayaw
Vehumet
Wu Jian
Xom
Yredelemnul
Zin
The Shining One
Jiyva
Lugonu

Shops:
D :((!=:=!=[![[?(

Annotations:
D exclusions: obsidian statue and oklob plant


Innate Abilities, Weirdness & Mutations

You are a tree.
Your roots penetrate the ground, keeping you stationary.
You cannot be teleported.
You are immune to unholy pain and torment.
Your maximum health is greatly increased.
You cannot wear most types of armour.
((You are amphibious.))
You can wear up to eight rings at the same time.
((Your skin changes colour to match your surroundings (Stealth+).))
((Your rubbery body absorbs attacks. (AC +1, EV +1)))
((You are camouflaged when in or above water. (Stealth+)))
((You have tentacles for arms and can constrict up to eight enemies at once.))
You have supernaturally acute eyesight. (SInv)
You are clumsy. (Dex -2)
You are frail. (-10% HP)
Your magical capacity is very low. (-20% MP)
Your spells are a little easier to cast, but a little less powerful.


Message History

Unknown command.
Okay, then.
Casting: Inner Flame (safe; 1% risk of failure)
Confirm with . or Enter, or press ? or * to list all spells.
Okay, then.
Unknown command.
Unknown command.
Unknown command.
Okay, then.
Okay, then.
You feel sick. The death drake completely misses you.
The death drake bites you but does no damage.
You feel sick.
The death drake bites you but does no damage. x2
You feel sick. The death drake bites you!
* * * LOW HITPOINT WARNING * * *
The death drake bites you.
* * * LOW HITPOINT WARNING * * *
You feel a genetic drift.
Your connection to magic feels subdued.
You no longer feel a malignance within.
Unknown command.
Unknown command.
Unknown command.
Unknown command.
Unknown command.
Unknown command.
Unknown command.
Unknown command.
You feel sick.
You are no longer poisoned.
The death drake bites you but does no damage. x2
Magic courses through your body. The death drake bites you.
* * * LOW HITPOINT WARNING * * *
The death drake bites you but does no damage.
The death drake bites you.
* * * LOW HITPOINT WARNING * * *
The death drake completely misses you. The death drake breathes miasma at you.
The foul vapour engulfs you!
You die...

†###.##..# +..# .#▓?[$)(?
.####.#..# #..# .#▓!)??)?$
<.†.##'..####..##.#▓()$$!)$
.##...#....###...##▓▓▓▓▓▓▓+
+###.##.§§...~~°~)~~~~~~~~
######~~.....~#'########+###
#..#~~~~~~§..~#°._._...#~~~#
..##~~~~~~§~.~#.k._._._#~§≈§
'##~~§≈≈§§§§~~#_♣_._._.#§§~~
~~~~~~~≈≈≈≈~~~#._._._._#§§S≈
#+++#~≈≈≈§§≈§~#.._._._.#§§§~
≈§≈ ##≈≈≈###≈≈#..._._._#§S~~
°§≈§≈##≈≈# #≈≈#...._._.#§§≈§
≈§§○≈ ≈≈# #≈§#....._..#§≈§≈
≈§§≈S § ≈≈≈##########~§§≈
§§≈≈## #####~~~~~~~~~§§≈≈
+#### ###~########§▓▓▓


You could see a death drake (inner flame, catching breath).

Vanquished Creatures
  A yaktaur (D)
  A hornet (D)
  3 polar bears (D)
  4 neqoxecs (D)
  Menkaure (D)
  2 water moccasins (D)
  4 necrophages (D)
  A scorpion (D)
  3 worms (D)
20 creatures vanquished.

Vanquished Creatures (others)
  5 foxfires (D)
5 creatures vanquished.

Grand Total: 25 creatures vanquished

Notes
Turn   | Place    | Note
-------+----------+-------------------------------------------
     0 | D        | Conn the Octopode Fire Elementalist began the quest for the
                  | Orb.
     0 | D        | Reached XP level 1. HP: 11/11 MP: 3/3
     1 | D        | Noticed a boulder beetle
     1 | D        | Noticed a boulder beetle
     4 | D        | Noticed a neqoxec
    10 | D        | Noticed a necrophage
    10 | D        | Noticed a necrophage
    10 | D        | Noticed a necrophage
    10 | D        | Noticed a necrophage
    16 | D        | Killed a necrophage
    17 | D        | Reached skill level 5 in Fire Magic
    17 | D        | Reached XP level 2. HP: 17/17 MP: 4/6
    17 | D        | Reached XP level 3. HP: 21/21 MP: 4/7
    17 | D        | Reached XP level 4. HP: 27/27 MP: 5/9
    21 | D        | Killed a necrophage
    22 | D        | Reached skill level 7 in Fire Magic
    22 | D        | Reached XP level 5. HP: 31/31 MP: 5/11
    28 | D        | Reached skill level 5 in Stealth
    28 | D        | Reached skill level 8 in Fire Magic
    30 | D        | Reached skill level 5 in Conjurations
    30 | D        | Reached XP level 6. HP: 36/36 MP: 6/13
    40 | D        | Learned a level 2 spell: Scorch
    44 | D        | Learned a level 3 spell: Inner Flame
    49 | D        | Learned a level 4 spell: Flame Wave
    59 | D        | Noticed Menkaure
    61 | D        | Killed Menkaure
    62 | D        | Reached skill level 5 in Spellcasting
    62 | D        | Reached skill level 9 in Fire Magic
    83 | D        | Found an iron altar of Okawaru.
    83 | D        | Found an opulent altar of Gozag.
    85 | D        | Found a sparkling altar of Nemelex Xobeh.
    85 | D        | Found a blossoming altar of Fedhas.
    86 | D        | Found a radiant altar of Vehumet.
    86 | D        | Found a burning altar of Makhleb.
    86 | D        | Found a white marble altar of Elyvilon.
    87 | D        | Found a hide-covered altar of Uskayaw.
    87 | D        | Found a corrupted altar of Lugonu.
    87 | D        | Found a shadowy altar of Dithmenos.
    87 | D        | Noticed a water moccasin
    88 | D        | Found a glowing silver altar of Zin.
    88 | D        | Found a bloodstained altar of Trog.
    88 | D        | Found an ancient bone altar of Kikubaaqudgha.
    91 | D        | Killed a water moccasin
    92 | D        | Found a basalt altar of Yredelemnul.
    92 | D        | Found a shimmering blue altar of Sif Muna.
    92 | D        | Found a viscous altar of Jiyva.
    93 | D        | Found a shimmering altar of Xom.
    93 | D        | Found a sacrificial altar of Ru.
    95 | D        | Found a glowing golden altar of the Shining One.
    95 | D        | Found an ornate altar of the Wu Jian Council.
    95 | D        | Found a stormy altar of Qazlal.
    95 | D        | Found a snail-covered altar of Cheibriados.
    95 | D        | Found a hazy altar of Hepliaklqana.
    98 | D        | Noticed a water moccasin
    99 | D        | Noticed a water moccasin
   101 | D        | Became a worshipper of Sif Muna the Loreminder
   122 | D        | Noticed a water moccasin
   123 | D        | Noticed an obsidian statue
   129 | D        | Killed a water moccasin
   130 | D        | Reached skill level 10 in Fire Magic
   130 | D        | Reached XP level 7. HP: 20/41 MP: 4/16
   132 | D        | Found Xooru's Armour Shop.
   132 | D        | Found Hyfybocw's Magic Scroll Boutique.
   132 | D        | Found Pidghom's Antique Weapon Shop.
   133 | D        | Found Ifigoo's Antique Armour Shop.
   133 | D        | Found Oleziqio's Distillery.
   133 | D        | Found Booror's Antique Armour Boutique.
   134 | D        | Found Cotsaq's Jewellery Shop.
   134 | D        | Found Juwe's Distillery.
   134 | D        | Found Jagedol's Book Boutique.
   134 | D        | Found Vuzopeh's Jewellery Shop.
   135 | D        | Found Oppeid's Distillery.
   135 | D        | Found Qaidyth's Jewellery Boutique.
   135 | D        | Found Wec Weh Gio's Antique Weapon Boutique.
   136 | D        | Found Tuent's Weapon Boutique.
   136 | D        | Noticed a yak
   166 | D        | Noticed a yak
   166 | D        | Noticed a yak
   166 | D        | Noticed an oklob plant
   167 | D        | Found Gesikaf's Book Shoppe.
   174 | D        | Noticed a great orb of eyes
   189 | D        | Bought a potion of lignification for 33 gold pieces
   189 | D        | Bought a potion of lignification for 33 gold pieces
   192 | D        | Bought a book of Minor Magic for 180 gold pieces
   196 | D        | Learned a level 3 spell: Mephitic Cloud
   199 | D        | Learned a level 2 spell: Call Imp
   207 | D        | Bought 3 scrolls of blinking for 225 gold pieces
   222 | D        | Noticed a neqoxec
   222 | D        | Noticed a neqoxec
   222 | D        | Noticed a neqoxec
   223 | D        | Gained mutation: Your magical capacity is low. (-10% MP) [a
                  | neqoxec]
   225 | D        | Gained mutation: Your magical capacity is very low. (-20%
                  | MP) [a neqoxec]
   226 | D        | Gained mutation: You have hidden genetic defects. [a
                  | neqoxec]
   226 | D        | Gained mutation: You have supernaturally acute eyesight.
                  | (SInv) [a neqoxec]
   227 | D        | Killed a neqoxec
   227 | D        | Reached * piety under Sif Muna
   228 | D        | Reached skill level 1 in Summonings
   228 | D        | Reached skill level 1 in Air Magic
   228 | D        | Reached skill level 1 in Invocations
   228 | D        | Killed a neqoxec
   229 | D        | Reached skill level 5 in Dodging
   229 | D        | Reached skill level 11 in Fire Magic
   229 | D        | Gained mutation: You are clumsy. (Dex -2) [a neqoxec]
   230 | D        | Killed a neqoxec
   231 | D        | Reached XP level 8. HP: 47/47 MP: 5/14
   231 | D        | Reached ** piety under Sif Muna
   238 | D        | Gained mutation: You are frail. (-10% HP) [hidden defects]
   286 | D        | Noticed a polar bear
   290 | D        | Noticed a hornet
   290 | D        | Noticed a polar bear
   290 | D        | Noticed a yaktaur
   292 | D        | Noticed a polar bear
   298 | D        | Noticed a death drake
   298 | D        | Killed a polar bear
   298 | D        | Killed a hornet
   299 | D        | Reached skill level 12 in Fire Magic
   299 | D        | Killed a polar bear
   299 | D        | Killed a polar bear
   299 | D        | Reached *** piety under Sif Muna
   299 | D        | Killed a yaktaur
   300 | D        | Reached skill level 1 in Hexes
   300 | D        | Reached skill level 5 in Summonings
   300 | D        | Reached skill level 5 in Air Magic
   300 | D        | Reached skill level 5 in Invocations
   300 | D        | Reached XP level 9. HP: 46/46 MP: 8/17
   307 | D        | Gained mutation: Your spells are a little easier to cast,
                  | but a little less powerful. [hidden defects]
   307 | D        | Lost mutation: You have hidden genetic defects. [hidden
                  | defects expressed]
   311 | D        | Killed from afar by a death drake

Illustrated notes

Levels and vault maps discovered:
D:        the_violet_keep_of_menkaure [sprint2_stairs_cluster_1,
          sprint2_shoproom, sprint2_temple, sprint2_basic_supplies,
          sprint2_obstacle_5, sprint2_obstacle_4, sprint2_obstacle_3,
          sprint2_obstacle_7, sprint2_obstacle_1, sprint2_timed_cluster_1,
          sprint2_smallroom_cluster_1, sprint2_smallroom_final_cluster_1,
          sprint2_transparent_cluster_1, sprint2_second_timed_cluster_1,
          sprint2_sniper_area_1, sprint2_heavy_combat_area_1,
          sprint2_mutation_trap_area_1, sprint2_forest_area_1,
          sprint2_light_combat_area_1, sprint2_behind_water_1,
          sprint2_near_end_vault_1]

Skill      XL: |  1  2  3  4  5  6  7  8 |
---------------+-------------------------+-----
Stealth        | 4 5 6 |  6.6
Spellcasting   | 3 4 6 7 8 |  8.6
Conjurations   | 3 4 5 6 7 8 |  8.5
Fire Magic     | 5 7 8 10 11 12 | 12.5
Dodging        | 3 4 5 |  5.4
Summonings     | 2 5 |  5.0
Air Magic      | 2 5 |  5.0
Invocations    | 2 5 |  5.3
Hexes          | 1 |  1.1
Fighting       | |  0.8
Poison Magic   | |  0.5

Action                     |  1- 3 |  4- 6 |  7- 9 || total
---------------------------+-------+-------+-------++-------
  Melee: Unarmed           |     4 |    14 |       ||    18
         Tentacles         |     1 |     6 |       ||     7
         Constrict         |     1 |     4 |       ||     5
   Cast: Scorch            |       |     9 |     6 ||    15
         Foxfire           |       |     2 |     2 ||     4
         Flame Wave        |       |     1 |     3 ||     4
         Inner Flame       |       |       |     4 ||     4
         Mephitic Cloud    |       |       |     2 ||     2
 Invoke: Channel Magic     |       |       |     1 ||     1
    Use: Potion            |     2 |     1 |     6 ||     9
 Armour: Skin              |       |     1 |    13 ||    14
  Dodge: Dodged            |     2 |     9 |     3 ||    14

Table legend: (Time is in decaauts)
 A = Elapsed time spent in this place.
 B = Non-inter-level travel time spent in this place.
 C = Inter-level travel time spent in this place.
 D = Time resting spent in this place.
 E = Time spent auto-exploring this place.
 F = Levels seen in this place.
 G = Mean time per level.
                   A        B        C        D        E       F      G
               +--------+--------+--------+--------+--------+-----+--------+
         Total |    312 |    312 |      0 |      0 |      0 |   1 |  312.0 |
       Dungeon |    312 |    312 |      0 |      0 |      0 |   1 |  312.0 |
               +--------+--------+--------+--------+--------+-----+--------+

Top non-repeatable levels by time:
       D: 312 daAuts
